 Dungeon Crawl Stone Soup version 0.22.1-5-g62c59d9 (webtiles) character file.

3055 Fang the Cleaver (level 9, 0/57 HPs)
             Began as a Gargoyle Berserker on Jan 14, 2019.
             Was a High Priest of Trog.
             Slain by an orc warrior
             ... wielding a +0 hand axe
              (3 damage)
             ... on level 7 of the Dungeon.
             The game lasted 00:08:42 (8501 turns).

Fang the Cleaver (Gargoyle Berserker)               Turns: 8501, Time: 00:08:43

Health: 0/57       AC: 25    Str: 27    XL:     9   Next: 87%
Magic:  9/9        EV:  6    Int:  8    God:    Trog [*****.]
Gold:   359        SH:  0    Dex:  9    Spells: 8/8 levels left

rFire    + . .     SeeInvis .   a - +1 hand axe
rCold    . . .     Gourm    .   (no shield)
rNeg     + . .     Faith    .   w - +1 crystal plate armour
rPois    ∞         Spirit   .   (no helmet)
rElec    +         Reflect  .   (no cloak)
rCorr    .         Harm     .   (no gloves)
MR       .....                  (no boots)
Stlth    ..........             (no amulet)
HPRegen  0.19/turn              o - +3 ring of strength
MPRegen  0.11/turn              b - ring of protection from fire

@: berserk cooldown, slowed, very slow
A: negative energy resistance 1, electricity resistance, unbreathing,
petrification resistance, rot immunity, AC +6
a: Berserk, Trog's Hand, Brothers in Arms, Renounce Religion


You were on level 7 of the Dungeon.
You worshipped Trog.
Trog was extremely pleased with you.
You were very hungry.

You visited 2 branches of the dungeon, and saw 9 of its levels.

You collected 359 gold pieces.

Inventory:

Hand Weapons
 a - a +1 hand axe (weapon)
Armour
 d - the +1 scale mail of Dada {MR+}
   (You found it on level 4 of the Dungeon)

   It affects your resistance to hostile enchantments.
 w - a +1 crystal plate armour (worn)
Jewellery
 b - a ring of protection from fire (right hand)
 o - a +3 ring of strength (left hand)
Wands
 i - a wand of flame (27)
 s - a wand of iceblast (6)
Scrolls
 e - 3 scrolls of identify
 f - 3 scrolls of magic mapping
 h - 7 scrolls of remove curse
 l - a scroll of fear {unknown}
 m - a scroll of teleportation {unknown}
Potions
 g - 4 potions of might
 j - a potion of ambrosia {unknown}
 k - a potion of flight
 n - 2 potions of haste
 p - 2 potions of curing
 q - a potion of heal wounds {unknown}
 r - 2 potions of lignification
 t - 2 potions of brilliance
 u - a potion of agility {unknown}
 v - 3 potions of magic {unknown}
Comestibles
 c - 11 rations


   Skills:
 + Level 7.3 Fighting
 + Level 9.2 Axes
 + Level 6.4 Armour
 + Level 3.8 Dodging
 + Level 1.5 Stealth


You had 8 spell levels left.
You didn't know any spells.
Your spell library was empty.

Dungeon Overview and Level Annotations

Branches:
Dungeon (8/15)             Temple (1/1) D:5
   Lair: D:8-11

Altars:
Ashenzari
Cheibriados
Dithmenos
Elyvilon
Fedhas
Gozag
Hepliaklqana
Kikubaaqudgha
Makhleb
Okawaru
Qazlal
Ru
Sif Muna
Trog
Vehumet
Wu Jian
Xom
Yredelemnul
Zin
The Shining One

Shops:
D:5 !   D:7 *   D:8 (


Innate Abilities, Weirdness & Mutations

You are resistant to torment.
Your stone body is resilient. (AC +6)
You are immune to poison.
You resist negative energy. (rN+)
You are resistant to electric shocks. (rElec)
You can survive without breathing.
You are immune to petrification.
You are immune to rotting.


Message History

You hit the orc warrior but do no damage.
The orc warrior barely misses you.
The orc warrior hits you but does no damage.
Unknown command.
You closely miss the orc warrior.
The orc warrior hits you but does no damage.
Unknown command.
You closely miss the orc warrior.
The orc warrior hits you with a hand axe!
* * * LOW HITPOINT WARNING * * *
You hit the orc warrior but do no damage.
The orc warrior hits you with a hand axe!
* * * LOW HITPOINT WARNING * * *
You hit the orc warrior.
The orc warrior is lightly wounded.
The orc warrior hits you but does no damage.
Your crystal plate armour prevents you from hitting the orc warrior.
The orc warrior is lightly wounded.
The orc warrior hits you with a hand axe.
You die...

#...............#
#............#..# ###
#......#####.[.## ..#
#............### #.#
##...######### #.#
#............#####
..#####......#####.()..##
#...............o.÷###..###
......#.......(.@.........#
..#####.........).#.#.#.#.##
.## ##...................#
.# ##.######..#.#.#.#..# ##
#.# #............# #.#
#.#.#.#.#.#..#
########.#####.#..........#
##......#.#.....#.#.#.#.#..#
#...#####.#######..........#


You could see an orc warrior.

Vanquished Creatures
  A hippogriff (D:8)
  A water moccasin (D:8)
  2 orc warriors
  A necrophage (D:5)
  A sky beast (D:8)
  2 ogres
  The ghost of FallenXxXSky the Poker, an amateur MfGl (D:3)
  A centaur (D:7)
  6 bullfrogs
  A scorpion (D:4)
  A wyvern skeleton (D:6)
  7 wights
  A howler monkey (D:5)
  4 crimson imps
  2 bullfrog zombies (D:5)
  2 quasits
  A hound (D:5)
  6 orc priests
  9 orc wizards
  3 bullfrog skeletons
  4 worker ants
  A killer bee zombie (D:6)
  A hound skeleton (D:4)
  A worker ant zombie (D:5)
  13 adders
  8 gnolls
  2 howler monkey skeletons (D:6)
  A shadow imp (D:5)
  2 adder skeletons
  3 worms
  3 dart slugs
  10 leopard geckos
  30 orcs
  5 giant cockroaches
  3 goblins
  2 hobgoblins
  8 jackals
  3 quokkas
  7 bats
  6 frilled lizards
  A giant cockroach zombie (D:6)
  A jackal skeleton (D:4)
  7 kobolds
  A quokka zombie (D:7)
  6 rats
182 creatures vanquished.

Vanquished Creatures (others)
  A plant (D:8)
  2 withered plants (D:3)
3 creatures vanquished.

Grand Total: 185 creatures vanquished

Notes
Turn   | Place    | Note
-------+----------+-------------------------------------------
     0 | D:1      | Fang the Gargoyle Berserker began the quest for the Orb.
     0 | D:1      | Reached XP level 1. HP: 14/14 MP: 1/1
   475 | D:1      | Reached XP level 2. HP: 17/19 MP: 2/2
   580 | D:1      | Reached skill level 3 in Axes
   867 | D:1      | Reached XP level 3. HP: 23/24 MP: 3/3
  1446 | D:2      | Reached ** piety under Trog
  1861 | D:2      | Found a blossoming altar of Fedhas.
  2112 | D:2      | Reached XP level 4. HP: 26/29 MP: 4/4
  2618 | D:3      | Found a runed door.
  2618 | D:3      | Noticed FallenXxXSky's ghost (amateur MfGl)
  2889 | D:3      | Reached skill level 1 in Stealth
  3349 | D:3      | Reached XP level 5. HP: 30/33 MP: 5/5
  3817 | D:3      | Killed FallenXxXSky's ghost
  3817 | D:3      | Reached skill level 4 in Axes
  3817 | D:3      | Reached XP level 6. HP: 39/39 MP: 6/6
  4045 | D:4      | Got a distressingly furry scale mail
  4056 | D:4      | Identified the cursed +1 scale mail of Dada {MR+} (You
                  | found it on level 4 of the Dungeon)
  4221 | D:4      | Reached skill level 5 in Fighting
  4221 | D:4      | Reached XP level 7. HP: 22/44 MP: 7/7
  4459 | D:4      | Found an opulent altar of Gozag.
  4599 | D:4      | Reached *** piety under Trog
  4865 | D:5      | Entered Level 5 of the Dungeon
  4874 | D:5      | Reached skill level 5 in Axes
  5189 | D:5      | Found a staircase to the Ecumenical Temple.
  5223 | D:5      | Reached skill level 6 in Axes
  5291 | D:5      | Reached XP level 8. HP: 44/50 MP: 8/8
  5718 | D:5      | Found Qiamicw's Distillery.
  6111 | D:5      | Found an iron altar of Okawaru.
  6120 | D:5      | Found an ancient bone altar of Kikubaaqudgha.
  6120 | D:5      | Found a radiant altar of Vehumet.
  6210 | D:5      | Found a deep blue altar of Sif Muna.
  6507 | Temple   | Entered the Ecumenical Temple
  6595 | D:6      | Reached **** piety under Trog
  7034 | D:6      | Reached skill level 7 in Axes
  7242 | D:6      | Reached skill level 5 in Armour
  7577 | D:7      | Found Noet's Assorted Antiques.
  7595 | D:7      | Reached XP level 9. HP: 44/56 MP: 9/9
  7987 | D:7      | Reached skill level 8 in Axes
  8357 | D:8      | Found Goserr's Weapon Boutique.
  8444 | D:8      | Reached ***** piety under Trog
  8485 | D:8      | Reached skill level 9 in Axes
  8499 | D:7      | HP: 2/57 [orc warrior/hand axe (9)]
  8501 | D:7      | Slain by an orc warrior

Skill      XL: |  1  2  3  4  5  6  7  8  9 |
---------------+----------------------------+-----
Axes           | 3 4 6 7 9 |  9.2
Dodging        | 2 3 |  3.8
Fighting       | 4 5 6 7 |  7.3
Stealth        | 1 |  1.5
Armour         | 3 5 6 |  6.4

Action                   |  1- 3 |  4- 6 |  7- 9 || total
-------------------------+-------+-------+-------++-------
Melee: Hand axe          |   162 |   256 |   472 ||   890
       Spear             |       |       |     4 ||     4
Invok: Berserk           |     3 |     3 |     4 ||    10
  Use: Scroll            |       |    15 |       ||    15
 Stab: Sleeping          |     1 |       |       ||     1
  Eat: Chunk             |     5 |     7 |    14 ||    26
       Ration            |       |     1 |     1 ||     2
Armor: Animal skin       |    51 |   100 |       ||   151
       Crystal plate arm |       |   112 |   219 ||   331
       Scale mail        |       |    13 |   164 ||   177
Dodge: Dodged            |   122 |   198 |   225 ||   545
